 Dungeon Crawl Stone Soup version 0.28-a0-79-g444c7a33f5 (webtiles) character file.

Game seed: 1489250293138328095

80 siradein the Slasher (level 4, -5/27 HPs)
             Began as a Vampire Fighter on Aug 3, 2021.
             Killed by divine providence
             ... invoked by an orc priest
              (12 damage)
             ... on level 2 of the Dungeon.
             The game lasted 00:05:51 (2199 turns).

siradein the Slasher (Vampire Fighter)              Turns: 2199, Time: 00:05:52

Health: -5/27      AC:  0    Str: 12 (16) XL:     4   Next: 18%
Magic:  2/4        EV: 17    Int:  6 (10) God:
Gold:   83         SH:  0    Dex: 14 (18) Spells: 3/3 levels left

rFire   . . .      SeeInvis +   (weapon currently unavailable)
rCold   + + .      Faith    .   (shield currently unavailable)
rNeg    + + +      Spirit   .   (armour currently unavailable)
rPois   ∞          Reflect  .   (helmet currently unavailable)
rElec   .          Harm     .   (cloak currently unavailable)
rCorr   .          Rampage  .   (gloves currently unavailable)
Will    .....                   (boots currently unavailable)
Stlth   +++.......              (no amulet)
HPRegen 0.00/turn               (ring currently unavailable)
MPRegen 0.09/turn               (ring currently unavailable)

@: bat-form, flying, bloodless, inhibited regen, very quick
A: fast, flying, no casting, bloodless, tiny, fangs 3, see invisible, vampiric 2
a: Revivify, End Transformation


You were on level 2 of the Dungeon.
You were a vampire bat.
You visited 1 branch of the dungeon, and saw 3 of its levels.

You collected 83 gold pieces.

Inventory:

Hand Weapons
 a - a +0 long sword (melded)
Armour
 c - a +0 kite shield (melded)
 f - a +0 chain mail (melded)
Scrolls
 b - 2 scrolls of fog {unknown}
 h - a scroll of silence {unknown}
 i - a scroll of brand weapon {unknown}
 l - 3 scrolls of vulnerability {unknown}
 m - 4 scrolls of identify {unknown}
 n - a scroll of noise {unknown}
Potions
 d - 2 potions of might
 e - a potion of brilliance {unknown}
 g - a potion of heal wounds {unknown}
 j - 2 potions of curing {unknown}
 k - a potion of berserk rage {unknown}
 o - 3 potions of lignification {unknown}


   Skills:
 - Level 2.6 Fighting
 + Level 4.5 Long Blades
 - Level 2.4 Armour
 - Level 2.6 Shields


You had 3 spell levels left.
You didn't know any spells.
Your spell library was empty.

Dungeon Overview and Level Annotations

Branches:
Dungeon (3/15)

Altars:

Shops:
D:2 [   D:3 !


Innate Abilities, Weirdness & Mutations

You are a vampire bat.
You are tiny and dextrous.
You move quickly.
You are flying.
Your equipment is almost entirely melded.
You are incapable of wielding weapons or throwing items.
You cannot cast spells.
You do not regenerate when monsters are visible.
You are frail without blood (-20% HP).
You can heal yourself when you bite living creatures.
You are immune to poison.
You have razor-sharp teeth.
You have supernaturally acute eyesight. (SInv)
You are afflicted with vampirism and can become a bat while bloodless.


Message History

The orc priest is lightly wounded.
You block the orc priest's attack. The goblin hits you but does no damage.
You block the orc priest's attack. The orc priest barely misses you.
You hit the orc priest but do no damage.
The orc priest is lightly wounded.
You block the goblin's attack. The orc priest completely misses you.
You block the goblin's attack. You block the orc priest's attack.
You barely miss the orc priest.
The orc priest is lightly wounded.
The orc priest hits you but does no damage.
You block the goblin's attack. The orc priest barely misses you.
You closely miss the orc priest. The goblin hits you with a +0 dagger.
The orc priest miscasts a cantrip.
You block the goblin's attack.
The orc priest hits you with a +0 short sword of speed.
You hit the orc priest. Your bite misses the orc priest.
The orc priest is moderately wounded.
The orc priest hits you with a +0 short sword of speed.
You block the goblin's attack. The orc priest completely misses you.
You barely miss the orc priest.
The orc priest is moderately wounded.
You block the orc priest's attack. The goblin hits you but does no damage.
The orc priest hits you with a +0 short sword of speed.
The goblin hits you but does no damage.
You hit the orc priest.
The orc priest is heavily wounded.
The orc priest hits you with a +0 short sword of speed.
The orc priest hits you but does no damage.
The goblin hits you but does no damage.
The orc priest hits you with a +0 short sword of speed.
* * * LOW HITPOINT WARNING * * *
You turn into a vampire bat.
Your +0 long sword melds into your body.
Your +0 kite shield melds into your body.
Your +0 chain mail melds into your body.
You feel weakened.
You feel dopey.
You feel clumsy. The goblin completely misses you.
The orc priest invokes the aid of Beogh against you.
Beogh smites you!
You die...

.......##........................
....##.##.##.#.........^...##....
....##.##.##.######...####.##....
....##.......# #...# #.##....
#########.#### ####...## #.#####.
#.# #.)†....# #....... #.#
#.##.#..#########. #### #.#
#[#.###.....# #. ...# #.# #bg##
##.##.# #.
.#.######.######o..###.###.# #.
..........##..)#....#....#.# #.
##.########.###).......#.#.######
##.# ##.## ##..#.#......#.....
...# #.## ##...####.###.###. ####
#.# #.>.## #.......#[ #.##
##....# ####...... ##.## ##.###.#
#......


You could see an orc priest and a goblin.

Vanquished Creatures
  Jessica (D:2)
  An adder (D:2)
  2 worms (D:3)
  3 orcs (D:2)
  2 ball pythons
  4 bats (D:1)
  4 endoplasms
  A giant cockroach (D:1)
  6 goblins
  A hobgoblin (D:1)
  A quokka (D:1)
  6 frilled lizards
  4 kobolds
  2 rats (D:1)
38 creatures vanquished.

Notes
Turn   | Place    | Note
-------+----------+-------------------------------------------
     0 | D:1      | siradein the Vampire Fighter began the quest for the Orb.
     0 | D:1      | Reached XP level 1. HP: 17/17 MP: 1/1
   131 | D:1      | Reached XP level 2. HP: 14/23 MP: 2/2
   346 | D:1      | Reached skill level 3 in Long Blades
   729 | D:2      | Found Ofoenn's Antique Armour Shop.
   856 | D:2      | Noticed Jessica
   859 | D:2      | Killed Jessica
   860 | D:2      | Gained mutation: You are afflicted with vampirism and can
                  | become a bat while bloodless. [Vampire growth]
   860 | D:2      | Reached XP level 3. HP: 28/28 MP: 3/3
   980 | D:2      | Reached skill level 4 in Long Blades
  1442 | D:3      | Found Buchapre's Distillery.
  1515 | D:3      | Found a faded altar of an unknown god.
  1654 | D:2      | Reached XP level 4. HP: 33/34 MP: 4/4
  2199 | D:2      | Killed from afar by an orc priest

Illustrated notes

Levels and vault maps discovered:
D:1:      minmay_arrival_hallway, layout_rooms, chequers_serial_rivers_marsh,
          minmay_large_rounded_square, minmay_misc_feat_tower
D:2:      layout_loops_cross, serial_shops, shop, uniq_jessica
D:3:      layout_rooms, hellmonk_ecumenical_altar_inner_sanctum, serial_shops,
          nicolae_shop_waterfront, uniq_robin

Skill      XL: |  1  2  3 |
---------------+----------+-----
Long Blades    | 3 4 |  4.5
Fighting       | |  2.6
Armour         | |  2.4
Shields        | |  2.6

Action                   |  1- 3 |  4- 6 || total
-------------------------+-------+-------++-------
Melee: Long sword        |   117 |    21 ||   138
       Bite              |     9 |     1 ||    10
 Abil: Bat Form          |       |     2 ||     2
       End Transformatio |       |     1 ||     1
       Exsanguinate      |       |     1 ||     1
Armor: Chain mail        |    90 |    20 ||   110
       Scale mail        |    12 |       ||    12
Dodge: Dodged            |    19 |    10 ||    29
Block: Kite shield       |    66 |    16 ||    82
       Rpst.: Long sword |     8 |     1 ||     9

Table legend: (Time is in decaauts)
 A = Elapsed time spent in this place.
 B = Non-inter-level travel time spent in this place.
 C = Inter-level travel time spent in this place.
 D = Time resting spent in this place.
 E = Time spent auto-exploring this place.
 F = Levels seen in this place.
 G = Mean time per level.
                   A        B        C        D        E       F      G
               +--------+--------+--------+--------+--------+-----+--------+
         Total |   2239 |   2153 |     86 |    254 |   1217 |   3 |  746.3 |
       Dungeon |   2239 |   2153 |     86 |    254 |   1217 |   3 |  746.3 |
               +--------+--------+--------+--------+--------+-----+--------+

Top non-repeatable levels by time:
     D:2: 1207 daAuts
     D:1: 714 daAuts
     D:3: 317 daAuts
